Map: Radhuset Station LE

Players

FoxeR - Winner!

  • Race: Terran Terran
  • League: Master
  • Spawn Location: 7:00

VOD

Have the link to the VOD?

Description

Time

  • Played on: Jan. 22, 2024, 7:14 p.m.
  • Length: 16:34
Show
View Real Time Build Order
Export as new Build Order

FoxeR Terran - Winner!

Build Orders:  

Get SALT Encoding   

  12  0:00  SCV  
  13  0:18  SCV  
  14  0:25  Supply Depot  
  14  0:35  SCV  
  15  0:55  SCV  
  15  0:57  Barracks  
  16  1:03  Refinery  
  16  1:12  SCV  
  17  1:29  SCV  
  18  1:46  SCV  
  19  2:03  Barracks Reactor  
  19  2:04  Orbital Command  
  19  2:23  Command Center  
  19  2:36  Supply Depot  
  19  2:40  SCV  
  20  2:55  Marine  
  20  2:56  Marine  
  20  2:57  SCV  
  22  3:12  Factory  
  22  3:15  SCV  
  22  3:19  Refinery  
  23  3:26  Marine x2  
  25  3:32  SCV  
  26  3:49  SCV  
  27  4:05  Orbital Command  
  27  4:06  SCV  
  28  4:16  Factory  
  28  4:21  Cyclone  
  28  4:22  SCV  
  28  4:25  Cyclone  
  33  4:36  Barracks Tech Lab  
  33  4:41  SCV  
  33  4:42  SCV  
  35  4:58  SCV  
  36  5:01  SCV  
  36  5:06  Cyclone, Supply Depot  
  39  5:10  Cyclone  
  39  5:15  SCV  
  42  5:20  SCV  
  42  5:29  Cyclone  
  45  5:32  SCV  
  45  5:37  SCV  
  47  5:40  Supply Depot  
  47  5:49  SCV  
  48  5:51  Cyclone  
  48  5:54  SCV  
  48  5:55  Cyclone  
  48  5:59  Supply Depot  
  53  6:06  SCV  
  54  6:11  Refinery  
  54  6:13  Cyclone, SCV, Refinery  
  57  6:23  SCV  
  57  6:29  SCV  
  58  6:33  Factory  
  59  6:40  SCV  
  59  6:44  Supply Depot  
  59  6:46  SCV  
  61  6:52  Cyclone  
  61  6:53  Cyclone, Supply Depot  
  61  6:58  SCV  
  66  7:02  Cyclone  
  66  7:03  SCV  
  69  7:15  Barracks Reactor  
  69  7:17  SCV  
  70  7:23  SCV  
  71  7:34  SCV  
  71  7:37  Command Center, Cyclone  
  74  7:40  SCV  
  74  7:41  Cyclone  
  74  7:49  Unknown  
  77  7:54  SCV  
  78  8:00  Cyclone  
  78  8:03  SCV  
  78  8:06  Supply Depot  
  81  8:11  Factory  
  81  8:17  Cyclone x2  
  81  8:18  SCV  
  86  8:32  Factory  
  86  8:36  Cyclone, SCV x2  
  90  8:41  Supply Depot  
  90  8:46  Cyclone x2  
  94  8:57  Supply Depot  
  94  8:58  Supply Depot  
  94  9:03  Supply Depot  
  94  9:11  Cyclone x2, SCV x2  
  94  9:13  Factory Reactor  
  94  9:18  Orbital Command  
  100  9:22  Armory  
  100  9:28  SCV x2  
  102  9:33  Cyclone  
  102  9:35  Supply Depot  
  102  9:39  Factory Reactor  
  104  9:40  Cyclone  
  104  9:43  Cyclone  
  104  9:45  SCV x2  
  110  9:54  SCV, Supply Depot  
  111  10:02  SCV x2  
  111  10:03  Cyclone, Refinery  
  111  10:04  Cyclone  
  111  10:05  Refinery  
  117  10:11  SCV  
  117  10:16  Cyclone x2  
  117  10:18  Cyclone  
  117  10:19  SCV x2  
  126  10:28  SCV  
  126  10:29  Cyclone x2  
  131  10:30  Cyclone  
  131  10:33  Terran Vehicle Weapons Level 1  
  131  10:36  SCV x2  
  135  10:45  SCV  
  135  10:48  Cyclone, Supply Depot x2  
  137  10:53  Cyclone  
  140  11:07  Cyclone  
  142  11:13  Command Center  
  142  11:18  Cyclone x3  
  142  11:19  Cyclone  
  149  11:27  Cyclone  
  149  11:28  Cyclone  
  153  11:36  Factory  
  153  11:37  Factory  
  153  11:41  Factory  
  153  11:42  SCV  
  153  11:43  SCV  
  155  11:52  SCV  
  155  11:53  Cyclone  
  155  11:54  Cyclone  
  155  11:59  SCV  
  161  12:01  Cyclone  
  161  12:07  Supply Depot x2  
  163  12:10  Supply Depot  
  163  12:13  Cyclone  
  165  12:20  SCV  
  165  12:21  SCV  
  165  12:22  SCV  
  165  12:28  Cyclone x2  
  172  12:37  Cyclone, SCV  
  175  12:46  Cyclone  
  175  12:47  Cyclone x2  
  175  12:48  Factory Tech Lab  
  181  12:51  Factory Tech Lab  
  181  12:57  Factory Tech Lab  
  181  12:58  Refinery  
  181  13:00  Refinery  
  181  13:05  Cyclone  
  181  13:06  Cyclone  
  177  13:12  Cyclone  
  177  13:14  Cyclone  
  177  13:17  Terran Vehicle Weapons Level 2  
  145  13:21  Cyclone  
  145  13:24  Cyclone  
  145  13:28  Cyclone  
  147  13:31  Cyclone  
  147  13:35  Cyclone  
  147  13:37  Cyclone  
  153  13:41  Cyclone  
  165  14:08  Orbital Command  
  165  14:18  Thor x3  
  173  14:28  Command Center  
  173  14:30  Thor  
  179  15:12  Hellbat x2  
  179  15:13  Hellbat x2  
  179  15:14  Hellbat x2  
  179  15:17  Cyclone  
  179  15:18  Cyclone  
  195  15:29  Infernal Pre-Igniter  
Tags
 
Add a new tag
Caveats
  • Supply blocks, unpowered buildings, or Contaminate may cause inaccurate times.
  • Supply counts are checked every 10 seconds.